 Dungeon Crawl Stone Soup version 0.30-a0-134-gb40fab5c76 (webtiles) character file.

Game seed: 3267803994123065248

295 Engwar the Chopper (level 6, -5/55 HPs)
             Began as a Minotaur Fighter on Sept 20, 2022.
             Slain by Sigmund
             ... wielding a +5 scythe of flaming
              (14 damage)
             ... on level 5 of the Dungeon.
             The game lasted 00:06:54 (3676 turns).

Engwar the Chopper (Minotaur Fighter)               Turns: 3676, Time: 00:06:55

Health: -5/55      AC:  9    Str: 23    XL:     6   Next: 11%
Magic:  5/5        EV:  9    Int:  5    God:
Gold:   133        SH:  4    Dex:  9    Spells: 5/5 levels left

rFire   . . .      SeeInvis .    a - +0 war axe
rCold   . . .      Faith    .    c - +0 buckler
rNeg    + . .      Spirit   .    b - +0 scale mail
rPois   .          Reflect  .    (helmet restricted)
rElec   .          Harm     .    (no cloak)
rCorr   +          Rampage  .    (no gloves)
Will    .....                    q - +1 pair of boots {Stlth+}
Stlth   +.........               (no amulet)
HPRegen 0.18/turn                e - ring of positive energy
MPRegen 0.09/turn                h - ring of resist corrosion

@: mighty
A: horns 2, retaliatory headbutt
a: no special abilities


You were on level 5 of the Dungeon.
You visited 1 branch of the dungeon, and saw 5 of its levels.

You collected 283 gold pieces.
You spent 150 gold pieces at shops.

Inventory:

Hand Weapons
 a - a +0 war axe (weapon)
Missiles
 m - 10 boomerangs (quivered)
Armour
 b - a +0 scale mail (worn)
 c - a +0 buckler (worn)
 q - a +1 pair of boots of stealth (worn)
Jewellery
 e - a ring of positive energy (left hand)
 h - a ring of resist corrosion (right hand)
 j - a +6 ring of dexterity
Scrolls
 f - a scroll of magic mapping
 g - 2 scrolls of vulnerability
 p - 2 scrolls of teleportation
Potions
 d - a potion of might
 i - a potion of resistance
 k - a potion of magic
 l - a potion of attraction
 n - a potion of invisibility
 o - a potion of haste
 s - a potion of degeneration {unknown}
 t - 2 potions of curing {unknown}
 u - a potion of brilliance {unknown}


   Skills:
 + Level 4.9 Fighting
 * Level 5.2 Axes
 + Level 4.9 Armour
 + Level 4.9 Shields


You had 5 spell levels left.
You didn't know any spells.
Your spell library contained the following spells:

 Spells                   Type           Power      Damage    Failure   Level
 Static Discharge         Conj/Air       0%         2-2/arc   94%         2
 Dispel Undead            Necr           0%         3d6       100%        4
 Sticky Flame             Conj/Fire      0%         2d3       100%        4


Dungeon Overview and Level Annotations

Branches:
Dungeon (5/15)
 Temple: D:4-7

Altars:
Ashenzari
Elyvilon
Fedhas
Hepliaklqana
Kikubaaqudgha
Ru
Sif Muna
Trog

Shops:
D:2 *   D:3 [(

Annotations:
D:5 Sigmund


Innate Abilities, Weirdness & Mutations

You have a pair of horns on your head.
You reflexively headbutt those who attack you in melee.


Message History

Deactivating autopickup; reactivate with Ctrl-A.
You are constricted.
You barely miss something. Something hits you but does no damage.
You are constricted.
The grasping roots release their grip on you.
You're too confused to move!
You barely miss something. Something hits you but does no damage.
You barely miss something.
You hear a zap.
The roots erupt in riotous growth!
The grasping roots grab you!
You are constricted.
You escape the roots grasp.
You feel less confused.
You hear some strange, mumbled words.
Something tries to affect you, but you resist.
You miss something.
You hear a zap.
The roots erupt in riotous growth!
The grasping roots grab you!
You are constricted.
You miss something. Something hits you. Something burns you.
You are constricted.
You closely miss something.
You hear some strange, mumbled words.
A magic dart appears from out of thin air!
The magic dart hits you!
* * * LOW HITPOINT WARNING * * *
You are constricted.
You hear some strange, mumbled words.
A magic dart appears from out of thin air!
The magic dart hits you but does no damage.
You are constricted.
* * * LOW HITPOINT WARNING * * *
The grasping roots release their grip on you.
You barely miss something.
You hear some strange, mumbled words.
Something tries to affect you, but you resist.
You closely miss something. Something hits you!
You die...

#.#
..........#
#.#
.............#
..#
.........!>..#
#.#
............#
#.# #....
......#### #.#
#...#
#......... #.#
#...#
#......... #<#
##.#####{# #.#
#.......@#
####.#
##.#.######
.....###.###.#
####.##.## #.#
#.#)## #.#
#....# ...
#####.# ###
#.# #..


There were no monsters in sight!

Vanquished Creatures
  2 howler monkeys (D:4)
  2 hounds (D:4)
  An iguana (D:4)
  Jessica (D:2)
  2 adders
  An ufetubus (D:4)
  A dart slug (D:4)
  5 orcs
  3 ball pythons
  8 endoplasms
  12 giant cockroaches (D:3)
  9 goblins
  6 hobgoblins
  3 jackals (D:1)
  6 quokkas
  4 bats
  A frilled lizard (D:3)
  4 kobolds
  6 rats
77 creatures vanquished.

Vanquished Creatures (others)
  A hobgoblin (D:4)
1 creature vanquished.

Grand Total: 78 creatures vanquished

Notes
Turn   | Place    | Note
-------+----------+-------------------------------------------
     0 | D:1      | Engwar the Minotaur Fighter began the quest for the Orb.
     0 | D:1      | Reached XP level 1. HP: 19/19 MP: 0/0
   237 | D:1      | Reached XP level 2. HP: 20/27 MP: 1/1
   420 | D:1      | Reached skill level 3 in Axes
   435 | D:1      | Found a faded altar of an unknown god.
  1096 | D:1      | Reached XP level 3. HP: 32/33 MP: 2/2
  1272 | D:2      | Found Loupsap's Assorted Antiques.
  1296 | D:2      | Noticed Jessica
  1305 | D:2      | Killed Jessica
  1306 | D:2      | Reached XP level 4. HP: 40/40 MP: 3/3
  1604 | D:3      | Found Kiamuut's Antique Armour Shoppe.
  1694 | D:3      | Found a blossoming altar of Fedhas.
  1695 | D:3      | Found a sacrificial altar of Ru.
  1820 | D:3      | Reached skill level 4 in Axes
  2368 | D:3      | Found Ashecydd's Weapon Boutique.
  2399 | D:3      | Bought a pair of glowing boots for 150 gold pieces
  2442 | D:3      | Found a shimmering blue altar of Sif Muna.
  2758 | D:4      | Found an ancient bone altar of Kikubaaqudgha.
  2761 | D:4      | Found a bloodstained altar of Trog.
  2764 | D:4      | Found a broken altar of Ashenzari.
  2767 | D:4      | Found a hazy altar of Hepliaklqana.
  2883 | D:4      | Reached XP level 5. HP: 33/47 MP: 4/4
  2900 | D:4      | Reached skill level 5 in Axes
  3135 | D:4      | Reached XP level 6. HP: 54/55 MP: 5/5
  3159 | D:4      | Found a white marble altar of Elyvilon.
  3605 | D:5      | Entered Level 5 of the Dungeon
  3655 | D:5      | Noticed Sigmund
  3676 | D:5      | Slain by Sigmund

Illustrated notes

Levels and vault maps discovered:
D:1:      amcnicky_arrival_choice, layout_loops_ring, serial_forest,
          infiniplex_forest_zigzag_1, infiniplex_forest_clump_long,
          infiniplex_forest_zigzag_2, infiniplex_forest_lined_corner,
          infiniplex_forest_corner_2, infiniplex_forest_split,
          infiniplex_forest_zigzag_1, basic_ecumenical_altar,
          minmay_tromino_v4_b
D:2:      layout_basic, serial_shops, nicolae_shop_overgrown_old_shop,
          uniq_jessica
D:3:      minmay_roachtagon, layout_basic, minitemple,
          lemuel_coloured_pillars_altar, serial_shops, shop, shop
D:4:      minmay_spotlight, layout_basic, grunt_temple_overflow_cloverleaf,
          elyvilon_altar_4
D:5:      layout_loops_ring, nicolae_gozag_seed_capital,
          gammafunk_ghost_necromancy, uniq_sigmund

Skill      XL: |  1  2  3  4  5 |
---------------+----------------+-----
Axes           | 3 4 5 |  5.2
Fighting       | 4 |  4.9
Armour         | 4 |  4.9
Shields        | 4 |  4.9

Action                   |  1- 3 |  4- 6 || total
-------------------------+-------+-------++-------
Melee: War axe           |    70 |   112 ||   182
       Headbutt          |     9 |    18 ||    27
  Use: Scroll            |       |    11 ||    11
       Potion            |       |     1 ||     1
Armor: Scale mail        |    30 |    52 ||    82
Dodge: Dodged            |    33 |    48 ||    81
Block: Buckler           |    12 |    26 ||    38

Table legend: (Time is in decaauts)
 A = Elapsed time spent in this place.
 B = Non-inter-level travel time spent in this place.
 C = Inter-level travel time spent in this place.
 D = Time resting spent in this place.
 E = Time spent auto-exploring this place.
 F = Levels seen in this place.
 G = Mean time per level.
                   A        B        C        D        E       F      G
               +--------+--------+--------+--------+--------+-----+--------+
         Total |   3734 |   3594 |    140 |    160 |   2925 |   5 |  746.8 |
       Dungeon |   3734 |   3594 |    140 |    160 |   2925 |   5 |  746.8 |
               +--------+--------+--------+--------+--------+-----+--------+

Top non-repeatable levels by time:
     D:1: 1163 daAuts
     D:3: 1044 daAuts
     D:4: 993 daAuts
     D:2: 459 daAuts
     D:5: 73 daAuts
